 Seeded DCSS version 0.27-a0-1384-g1422d76b99 (webtiles) character file.

Game seed: 12507950344140203922 (custom seed)

37 flotson the Sneak (level 3, 0/25 HPs)
             Began as an Octopode Brigand on July 1, 2021.
             Succumbed to a kobold's poison
             ... on level 2 of the Dungeon.
             The game lasted 00:01:11 (1250 turns).

flotson the Sneak (Octopode Brigand)                Turns: 1250, Time: 00:01:12

Health: 0/25       AC:  1    Str: 11    XL:     3   Next: 39%
Magic:  3/3        EV: 13    Int: 13    God:
Gold:   90         SH:  0    Dex: 13    Spells: 2/2 levels left

rFire    . . .     SeeInvis .   a - +2 dagger
rCold    . . .     Faith    .   (no shield)
rNeg     . . .     Spirit   .   (helmet restricted)
rPois    .         Reflect  .   (no amulet)
rElec    .         Harm     .   (no ring)
rCorr    .         Rampage  .   (no ring)
Will     .....                  (no ring)
Stlth    ++++......             (no ring)
HPRegen  0.08/turn              (no ring)
MPRegen  0.08/turn              (no ring)
                                (no ring)
                                (no ring)

@: lethally poisoned (0 -> -8), invisible
A: almost no armour, amphibious, 8 rings, camouflage 1, gelatinous body 1,
(nimble swimmer 1), tentacles
a: no special abilities


You were on level 2 of the Dungeon.
You visited 1 branch of the dungeon, and saw 2 of its levels.

You collected 90 gold pieces.

Inventory:

Hand Weapons
 a - a +2 dagger (weapon)
Missiles
 b - 23 poisoned darts (quivered)
 c - 2 curare-tipped darts
 h - 25 sling bullets
Scrolls
 d - a scroll of fog {unknown}
 f - a scroll of teleportation {unknown}
 g - a scroll of fear {unknown}
 i - a scroll of identify {unknown}


   Skills:
 + Level 2.5 Fighting
 - Level 2.0 Short Blades
 + Level 2.5 Throwing
 + Level 1.7 Dodging
 + Level 5.7 Stealth


You had 2 spell levels left.
You didn't know any spells.
Your spell library was empty.

Dungeon Overview and Level Annotations

Branches:
Dungeon (2/15)

Altars:


Innate Abilities, Weirdness & Mutations

You cannot wear most types of armour.
You are amphibious.
You can wear up to eight rings at the same time.
Your skin changes colour to match your surroundings (Stealth+).
Your rubbery body absorbs attacks. (AC +1, EV +1)
((You are camouflaged near water. (Stealth+)))
You have tentacles for arms and can constrict up to eight enemies at once.


Message History

The jackal closely misses you. The kobold misses you.
You hit the jackal. You grab the jackal.
The jackal is lightly wounded.
You constrict the jackal. The jackal bites you.
The kobold hits you with a +1 dagger of venom.
You are poisoned.
You barely miss the jackal.
The jackal is moderately wounded.
You constrict the jackal, but do no damage.
You feel very sick. The jackal barely misses you. The jackal misses you.
The kobold hits you but does no damage.
You barely miss the jackal.
The jackal is moderately wounded.
You constrict the jackal.
You feel sick. The jackal misses you.
You hit the jackal but do no damage.
The jackal is heavily wounded.
You constrict the jackal, but do no damage.
You feel sick.
The kobold hits you with a +1 dagger of venom.
The jackal bites you.
You are too injured to fight recklessly!
You are too injured to fight recklessly!
You are too injured to fight recklessly!
You are too injured to fight recklessly!
You are too injured to fight recklessly!
You are too injured to fight recklessly!
Okay, then.
You release your grip on the jackal.
You feel sick.
You feel sick. The jackal bites you.
* * * LOW HITPOINT WARNING * * *
The kobold hits you with a +1 dagger of venom.
* * * LOW HITPOINT WARNING * * *
You are lethally poisoned!
* * * LOW HITPOINT WARNING * * *
You feel very sick.
The kobold throws a stone.
The stone closely misses you.
It was a potion of invisibility.
You fade into invisibility!
You die...

###########........
#......†.....<#
#...(.........#
#.....)...#...#
#.........#...#
#.........#.....
####.######...#..
#...# #...##..
#######@### ##.##
#. #....)h.#
#.....K## #......#
#.....[# #?.....#
#........
#......### #...>..#


You could see a jackal and a kobold.

Vanquished Creatures
  A gnoll (D:1)
  A dart slug (D:1)
  3 bats
  3 goblins
  4 hobgoblins (D:1)
  4 jackals
  A kobold (D:2)
  2 quokkas (D:1)
  A ball python (D:1)
20 creatures vanquished.

Notes
Turn   | Place    | Note
-------+----------+-------------------------------------------
     0 | D:1      | flotson the Octopode Brigand began the quest for the Orb.
     0 | D:1      | Reached XP level 1. HP: 14/14 MP: 1/1
    80 | D:1      | Reached XP level 2. HP: 4/19 MP: 2/2
   765 | D:1      | Reached XP level 3. HP: 17/25 MP: 3/3
  1250 | D:2      | Succumbed to a kobold's poison

Illustrated notes

Levels and vault maps discovered:
D:1:      dpeg_arrival_refuge, layout_basic
D:2:      layout_rooms, basic_altar, hellmonk_ecumenical_altar_lost_god

Action                   || total
-------------------------++-------
Melee: Dagger            ||    48
       Constrict         ||    11
       Tentacles         ||     6
  Use: Potion            ||     1
 Stab: Sleeping          ||     6
Armor: Skin              ||     7
Dodge: Dodged            ||    40

Table legend: (Time is in decaauts)
 A = Elapsed time spent in this place.
 B = Non-inter-level travel time spent in this place.
 C = Inter-level travel time spent in this place.
 D = Time resting spent in this place.
 E = Time spent auto-exploring this place.
 F = Levels seen in this place.
 G = Mean time per level.
                   A        B        C        D        E       F      G
               +--------+--------+--------+--------+--------+-----+--------+
         Total |   1245 |   1209 |     36 |      0 |   1083 |   2 |  622.5 |
       Dungeon |   1245 |   1209 |     36 |      0 |   1083 |   2 |  622.5 |
               +--------+--------+--------+--------+--------+-----+--------+

Top non-repeatable levels by time:
     D:1: 1208 daAuts
     D:2: 36 daAuts
